 Dungeon Crawl Stone Soup version 0.17.1-3-g152610e (webtiles) character file.

5328 Peloso the Blocker (level 10, -3/88 HPs)
             Began as a Minotaur Fighter on Apr 7, 2016.
             Was an Elder of Okawaru.
             Killed from afar by an electric eel (9 damage)
             ... with a bolt of electricity
             ... on level 9 of the Dungeon.
             The game lasted 00:21:41 (7814 turns).

Peloso the Blocker (Minotaur Fighter)               Turns: 7814, Time: 00:21:41

Health: -3/88      AC: 20    Str: 22    XL:     10   Next: 38%
Magic:  10/10      EV:  7    Int:  5    God:    Okawaru [****..]
Gold:   484        SH: 12    Dex: 12    Spells: 0 memorised, 9 levels left

rFire  . . .     SeeInvis .     a - +1 long sword
rCold  . . .     Clarity  .     J - +1 plate armour {rN+}
rNeg   + . .     SustAt   .     c - +0 shield
rPois  +         Gourm    .     (helmet restricted)
rElec  .         Spirit   .     m - +0 cloak
rCorr  +         Warding  .     R - +2 pair of gloves of a labyrinth {-Tele rCorr Stlth+}
rMut   .         Stasis   +     (no boots)
MR     .....                    o - amulet of stasis
Stlth  ..........               N - ring of poison resistance
                                O - ring of wizardry

@: not resistant to hostile enchantments, extremely unstealthy
A: retaliatory headbutt, horns 2
a: Heroism, Renounce Religion


You were on level 9 of the Dungeon.
You worshipped Okawaru.
Okawaru was greatly pleased with you.
You were hungry.

You visited 2 branches of the dungeon, and saw 10 of its levels.

You collected 484 gold pieces.

Inventory:

Hand Weapons
 a - a +1 long sword (weapon)
 K - the +10 mace of the Other Side {crush, Str+4 Int+4 SInv}
   (You found it on level 6 of the Dungeon)

   It inflicts extra damage upon your enemies.
   It affects your strength (+4).
   It affects your intelligence (+4).
   It lets you see invisible.
 L - the +9 mace "Xaluseu" {freeze, rPois rF+ Str-4 Int+3}
   (You found it on level 6 of the Dungeon)

   It has been specially enchanted to freeze those struck by it, causing extra
   injury to most foes and up to half again as much damage against particularly
   susceptible opponents.
   It can also slow down cold-blooded creatures.
   It affects your strength (-4).
   It affects your intelligence (+3).
   It protects you from fire.
   It protects you from poison.
 M - a +0 war axe of flaming
Armour
 c - a +0 shield (worn)
 m - a +0 cloak (worn)
 J - a +1 plate armour of positive energy (worn)
 R - the +2 pair of gloves of a labyrinth (worn) {-Tele rCorr Stlth+}
   (You found it on level 8 of the Dungeon)

   It prevents most forms of teleportation.
   It protects you from acid and corrosion.
   It makes you more stealthy.
Jewellery
 o - an amulet of stasis (around neck)
 v - an uncursed ring of positive energy
 N - a ring of poison resistance (right hand)
 O - a ring of wizardry (left hand)
Wands
 E - a wand of disintegration (24)
 P - a wand of fire (9)
Scrolls
 f - 2 scrolls of blinking
 h - 4 scrolls of magic mapping
 l - 5 scrolls of recharging
 r - a scroll of enchant weapon
 u - 5 scrolls of fog
 w - a scroll of random uselessness {unknown}
 x - 5 scrolls of remove curse
 y - 3 scrolls of teleportation
 I - 3 scrolls of identify
 Q - a scroll of noise {unknown}
Potions
 d - 2 potions of might
 i - 2 potions of ambrosia {unknown}
 j - a potion of invisibility
 k - 2 potions of mutation {unknown}
 n - 2 potions of heal wounds {unknown}
 q - 3 potions of agility {unknown}
 s - 8 potions of curing
 A - a potion of degeneration {unknown}
 B - 2 potions of haste {unknown}
 C - 2 potions of resistance {unknown}
 D - 2 potions of poison {unknown}
 F - 2 potions of brilliance {unknown}
 G - a potion of berserk rage {unknown}
 H - a potion of cure mutation {unknown}
Comestibles
 b - 3 beef jerkies
 e - 11 bread rations
 g - 2 slices of pizza
 t - 13 fruits
 z - 2 meat rations


   Skills:
 + Level 7.8 Fighting
 + Level 8.9 Long Blades
 + Level 3.2 Maces & Flails
 + Level 9.8 Armour
 + Level 3.2 Dodging
 + Level 10.7 Shields
 + Level 2.3 Invocations


You had 9 spell levels left.
You didn't know any spells.

Dungeon Overview and Level Annotations

Branches:
Dungeon (9/15)             Temple (1/1) D:4
   Lair: D:8-11         Orc: D:9-12

Altars:
Ashenzari
Cheibriados
Dithmenos
Elyvilon
Gozag
Kikubaaqudgha
Makhleb
Nemelex Xobeh
Okawaru
Qazlal
Ru
Sif Muna
Trog
Vehumet
Zin
The Shining One


Innate Abilities, Weirdness & Mutations

You reflexively headbutt those who attack you in melee.
You have a pair of horns on your head.


Message History

You completely miss the electric eel. Your headbutt misses the electric eel.
The electric eel is severely wounded.
The electric eel shoots out a bolt of lightning at you!
The bolt of electricity hits you!
* * * LOW HITPOINT WARNING * * *
The bolt of electricity hits you!
* * * LOW HITPOINT WARNING * * *
The bolt of electricity hits the electric eel.
The electric eel completely resists.
Drink which item? (? for menu, Esc to quit)
Okay, then.
Read which item? (? for menu, Esc to quit)
You cannot teleport because you are wearing the +2 pair of gloves of a labyrinth {-Tele rCorr Stlth+} and an amulet of stasis.
Drink which item? (? for menu, Esc to quit)
It was a potion of curing.
You feel better.
The electric eel shoots out a bolt of lightning at you!
The bolt of electricity hits you!
* * * LOW HITPOINT WARNING * * *
The bolt of electricity hits you!
You die...

###.........#.#######
####..#####.#.......#
.#....## .........#
...##..## #........#
#.####..# #........#
#'#..##.# #........#
.....##.# #........####
._..##..####............
...##.........#.@;≈≈≈≈≈.
#.##..[..≈....#..;≈≈≈≈≈.
###.....≈≈...>#..≈≈≈≈≈≈.
..............#.≈≈≈≈≈≈≈≈
..+...........#..≈≈≈≈≈≈≈
.##...........#..≈≈≈≈≈≈≈
..............#...≈≈≈≈≈≈
##............#....≈≈≈≈≈
##.†..........#.....≈≈≈


You could see 2 electric eels.

Vanquished Creatures
  The ghost of Gargoyl the Protected, a novice DsAK of Lugonu (D:8)
  Pikel (D:7)
  Prince Ribbit (D:6)
  A hippogriff (D:3)
  2 water moccasins
  2 sky beasts
  3 black bears
  An ice beast (D:6)
  3 ogres
  A necrophage (D:8)
  4 orc warriors
  2 centaurs
  2 big kobolds (D:8)
  A gnoll sergeant (D:8)
  5 giant frogs
  6 killer bees (D:9)
  A scorpion (D:6)
  4 crimson imps
  5 hounds
  A giant frog skeleton (D:8)
  7 orc wizards
  Crazy Yiuf (D:6)
  A centaur skeleton (D:4)
  5 orc priests
  3 jellies
  3 gnoll shamans (D:8)
  An iguana (D:6)
  8 worker ants
  A hound skeleton (D:5)
  16 gnolls
  9 adders
  2 shadow imps
  2 adder zombies
  4 worms
  4 giant geckos
  30 orcs
  11 goblins
  14 hobgoblins
  8 jackals
  6 quokkas
  2 ball pythons
  8 bats
  2 giant cockroaches
  3 giant newts
  8 kobolds
  A quokka zombie (D:7)
  6 rats
  2 plants (D:8)
215 creatures vanquished.

Vanquished Creatures (others)
  A slave (D:7)
  An ogre (D:7)
  A giant frog (D:7)
  A shadow imp (D:7)
  A hobgoblin (D:7)
  A kobold (D:7)
6 creatures vanquished.

Grand Total: 221 creatures vanquished

Notes
Turn   | Place    | Note
--------------------------------------------------------------
     0 | D:1      | Peloso the Minotaur Fighter began the quest for the Orb.
     0 | D:1      | Reached XP level 1. HP: 19/19 MP: 0/0
    14 | D:1      | You fall through a shaft!
    67 | D:2      | Found a glowing silver altar of Zin.
   234 | D:2      | Reached XP level 2. HP: 27/27 MP: 1/1
   525 | D:2      | Reached skill level 4 in Fighting
   891 | D:2      | Found a shattered altar of Ashenzari.
  1087 | D:1      | Reached XP level 3. HP: 33/33 MP: 2/2
  1786 | D:3      | Reached XP level 4. HP: 16/41 MP: 3/3
  2493 | D:3      | Noticed a hippogriff
  2515 | D:3      | Killed a hippogriff
  2515 | D:3      | Reached skill level 5 in Armour
  2515 | D:3      | Reached skill level 1 in Dodging
  2515 | D:3      | Reached skill level 5 in Shields
  2515 | D:3      | Reached XP level 5. HP: 42/47 MP: 4/4
  2639 | D:4      | Reached XP level 6. HP: 52/55 MP: 5/5
  2950 | D:4      | Found a staircase to the Ecumenical Temple.
  2956 | Temple   | Entered the Ecumenical Temple
  3025 | Temple   | Became a worshipper of Warmaster Okawaru
  3359 | D:5      | Entered Level 5 of the Dungeon
  3372 | D:5      | Reached skill level 5 in Fighting
  3420 | D:5      | Reached skill level 6 in Armour
  3420 | D:5      | Reached XP level 7. HP: 44/61 MP: 6/6
  3462 | D:5      | Reached skill level 5 in Long Blades
  3467 | D:5      | Reached * piety under Okawaru
  3799 | D:5      | Found a sacrificial altar of Ru.
  4183 | D:6      | Found a stormy altar of Qazlal.
  4211 | D:6      | Reached skill level 7 in Armour
  4211 | D:6      | Reached XP level 8. HP: 49/69 MP: 7/7
  4451 | D:6      | Noticed Prince Ribbit
  4492 | D:6      | Killed Prince Ribbit
  4492 | D:6      | Reached ** piety under Okawaru
  4733 | D:6      | Noticed Crazy Yiuf
  4737 | D:6      | Killed Crazy Yiuf
  4751 | D:6      | Got a crude mace
  4753 | D:6      | Got a polished mace
  4767 | D:6      | Identified the +10 mace of the Other Side {crush, Str+4 Int+4 SInv} (You found it on level 6 of the Dungeon)
  4768 | D:6      | Identified the +9 mace "Xaluseu" {freeze, rPois rF+ Str-4 Int+3} (You found it on level 6 of the Dungeon)
  4809 | D:6      | Reached skill level 8 in Armour
  5138 | D:7      | Noticed Pikel
  5143 | D:7      | Killed Pikel
  5143 | D:7      | Reached *** piety under Okawaru
  5143 | D:7      | Reached skill level 1 in Maces & Flails
  5143 | D:7      | Reached skill level 1 in Invocations
  5143 | D:7      | Reached XP level 9. HP: 75/75 MP: 8/8
  5232 | D:7      | Found a shadowy altar of Dithmenos.
  5240 | D:7      | Reached skill level 9 in Armour
  5988 | D:8      | Noticed Gargoyl's ghost (novice DsAK)
  6032 | D:8      | Killed Gargoyl's ghost
  6032 | D:8      | Reached **** piety under Okawaru
  6113 | D:8      | Found an ancient bone altar of Kikubaaqudgha.
  6426 | D:8      | Reached skill level 10 in Shields
  6526 | D:8      | Reached XP level 10. HP: 86/86 MP: 10/10
  6544 | D:8      | Found Kogodwutz's Armour Shoppe.
  6801 | D:8      | Received a gift from Okawaru
  6971 | D:8      | Got a pair of ancient gloves
  6977 | D:8      | Identified the +2 pair of gloves of a labyrinth {-Tele rCorr Stlth+} (You found it on level 8 of the Dungeon)
  7776 | D:9      | Found a sparkling altar of Nemelex Xobeh.
  7814 | D:9      | Killed from afar by an electric eel

Action                   |  1- 3 |  4- 6 |  7- 9 | 10-12 || total
-------------------------+-------+-------+-------+-------++-------
Melee: Long sword        |    90 |    94 |   256 |   211 ||   651
       Mace              |       |       |    71 |       ||    71
Invok: Heroism           |       |       |     5 |     1 ||     6
  Use: Scroll            |       |       |    11 |       ||    11
       Potion            |       |       |       |     1 ||     1
  Eat: Chunk             |     3 |     4 |    11 |     4 ||    22
       Fruit             |       |       |     1 |       ||     1
